 Dungeon Crawl Stone Soup version 0.23.0-3-gf3c87f2 (webtiles) character file.

Game seed: 7357375283438133734

60 Hasart the Slasher (level 3, -3/29 HPs)
             Began as a Demigod Gladiator on Feb 24, 2019.
             Killed by divine providence
             ... invoked by an orc priest
              (11 damage)
             ... on level 3 of the Dungeon.
             The game lasted 00:03:15 (1891 turns).

Hasart the Slasher (Demigod Gladiator)              Turns: 1891, Time: 00:03:16

Health: -3/29      AC:  4    Str: 19    XL:     3   Next: 55%
Magic:  5/5        EV: 13    Int: 12    God:
Gold:   69         SH:  0    Dex: 17    Spells: 2/2 levels left

rFire    . . .     SeeInvis .   g - +3 hand axe
rCold    . . .     Gourm    .   (no shield)
rNeg     . . .     Faith    .   b - +0 leather armour
rPois    .         Spirit   .   c - +0 helmet
rElec    .         Reflect  .   (no cloak)
rCorr    .         Harm     .   (no gloves)
MR       .....                  (no boots)
Stlth    +.........             (no amulet)
HPRegen  0.09/turn              (no ring)
MPRegen  0.09/turn              (no ring)

@: no status effects
A: high mp 1
a: no special abilities


You were on level 3 of the Dungeon.
You were not hungry.

You visited 1 branch of the dungeon, and saw 3 of its levels.

You collected 69 gold pieces.

Inventory:

Hand Weapons
 a - a +0 long sword
 g - a +3 hand axe (weapon)
Missiles
 d - 3 throwing nets (quivered)
Armour
 b - a +0 leather armour (worn)
 c - a +0 helmet (worn)
Scrolls
 h - a scroll of magic mapping {unknown}
 i - 2 scrolls of remove curse {unknown}
 m - a scroll of fear {unknown}
 n - a scroll of blinking {unknown}
 o - a scroll of enchant weapon {unknown}
 p - a scroll of fog {unknown}
 q - a scroll of identify {unknown}
Potions
 e - 2 potions of might {unknown}
 j - 2 potions of flight {unknown}
 k - a potion of heal wounds {unknown}
 r - a potion of curing {unknown}
Comestibles
 f - 2 rations
 l - 12 chunks of flesh


   Skills:
 + Level 2.1 Fighting
 * Level 3.3 Long Blades
 + Level 2.2 Throwing
 + Level 1.1 Armour
 + Level 3.0 Dodging


You had 2 spell levels left.
You didn't know any spells.
Your spell library was empty.

Dungeon Overview and Level Annotations

Branches:
Dungeon (3/15)


Innate Abilities, Weirdness & Mutations

You have an increased reservoir of magic. (+10% MP)


Message History

You slash the goblin!
You kill the goblin!
The orc hits you.
The orc priest mumbles some strange prayers to Beogh against you.
Beogh smites you!
Unknown command.
You closely miss the orc.
The orc is lightly wounded.
An orc comes into view. It is wielding a +0 club.
Unknown command.
You hit the orc priest but do no damage.
You completely miss the orc. The orc hits you.
* * * LOW HITPOINT WARNING * * *
The orc priest barely misses you. The orc barely misses you.
Unknown command.
You hit the orc priest but do no damage.
You hit the worm. You hit the orc.
The orc priest mumbles some strange prayers to Beogh against you.
Beogh smites you!
You die...

......####.##.##.#
....#.# #...#.##.#
#####.###...#÷##.#
#..##.#<#÷##(#
##.##<#...##.#+####.
#..#.#.####........
##.#...............
#.#.#.####........
#...#.#ooo@.......
##..#.#.##ow......
#..#.# #.#+#####
##.#.# #w# #.#.# #.#
#.#.# #.# .># #.#
### ...


You could see a worm, an orc priest, a dart slug and 3 orcs.

Vanquished Creatures
  An adder (D:2)
  A worm (D:2)
  2 dart slugs (D:1)
  An orc (D:3)
  4 bat skeletons (D:2)
  2 bat zombies (D:2)
  6 goblins
  3 hobgoblins
  A quokka (D:3)
  2 ball pythons
  4 bats
  A frilled lizard (D:3)
  5 kobolds
  10 rats
43 creatures vanquished.

Notes
Turn   | Place    | Note
-------+----------+-------------------------------------------
     0 | D:1      | Hasart the Demigod Gladiator began the quest for the Orb.
     0 | D:1      | Reached XP level 1. HP: 17/17 MP: 3/3
   520 | D:1      | Reached XP level 2. HP: 22/24 MP: 4/4
  1111 | D:2      | Found a blossoming altar of Fedhas.
  1500 | D:2      | Reached XP level 3. HP: 29/29 MP: 5/5
  1575 | D:2      | Reached skill level 1 in Armour
  1588 | D:2      | Found an ancient bone altar of Kikubaaqudgha.
  1807 | D:3      | Found a shimmering altar of Xom.
  1832 | D:3      | Found a shimmering altar of Xom.
  1833 | D:3      | Found a shimmering altar of Xom.
  1891 | D:3      | Killed from afar by an orc priest

Skill      XL: |  1  2  3 |
---------------+----------+-----
Long Blades    | 3 |  3.3
Throwing       | 2 |  2.2
Fighting       | 2 |  2.1
Dodging        | 3 |  3.0
Armour         | 1 |  1.1

Action                   || total
-------------------------++-------
Melee: Hand axe          ||    88
       Long sword        ||     2
 Stab: Sleeping          ||     2
  Eat: Chunk             ||     3
Armor: Leather armour    ||    23
Dodge: Dodged            ||    83
